Map: Tokamak LE

Players

NegativeXP - Winner!

  • Race: Protoss Protoss
  • League: Master
  • Spawn Location: 1:00

A.I. 1 (Very Easy)

  • Race: Terran Terran
  • Spawn Location: 7:00

VOD

Have the link to the VOD?

Description

Time

  • Played on: Sept. 8, 2025, 9:33 a.m.
  • Length: 6:12
Show
View Real Time Build Order
Export as new Build Order

NegativeXP Protoss - Winner!

Build Orders: 1 Gate Expand, Blink Stalkers 

Get SALT Encoding   

  12  0:00  Probe  
  13  0:12  Probe  
  14  0:18  Pylon  
  14  0:24  Probe  
  15  0:34  Probe  
  15  0:36  Gateway  
  15  0:42  Probe  
  16  0:47  Assimilator  
  17  0:52  Probe  
  18  1:04  Probe  
  19  1:16  Probe  
  20  1:24  Nexus  
  20  1:34  Cybernetics Core  
  20  1:37  Probe  
  21  1:42  Assimilator  
  21  1:49  Probe  
  21  1:53  Pylon  
  21  2:00  Stalker  
  21  2:01  Probe  
  22  2:12  Warp Gate  
  22  2:13  Probe  
  25  2:27  Twilight Council  
  25  2:29  Stalker, Probe  
  28  2:37  Probe  
  28  2:38  Probe  
  30  2:45  Probe  
  30  2:50  Probe  
  32  2:55  Blink  
  32  2:58  Robotics Facility  
  32  3:03  Probe  
  32  3:05  Probe  
  36  3:11  Pylon  
  34  3:16  Probe  
  34  3:17  Probe  
  36  3:26  Gateway  
  36  3:28  Probe  
  36  3:29  Probe  
  38  3:35  Gateway  
  38  3:40  Probe  
  39  3:41  Probe  
  39  3:43  Observer  
  39  3:45  Gateway  
  40  3:53  Probe  
  40  3:54  Probe  
  43  3:58  Pylon  
  43  4:00  Stalker  
  43  4:02  Assimilator  
  45  4:05  Probe  
  45  4:06  Probe  
  47  4:14  Pylon  
  47  4:17  Warp Prism, Probe  
  47  4:18  Probe  
  47  4:21  Stalker  
  47  4:23  Stalker  
  55  4:33  Stalker  
  57  4:39  Stalker  
  57  4:45  Stalker  
  61  4:47  Stalker  
  63  4:56  Stalker  
  65  5:12  Stalker x2  
  69  5:15  Nexus  
  69  5:18  Pylon  
  69  5:39  Stalker x4  
  77  5:46  Robotics Bay  
  77  5:48  Probe  
  78  5:52  Assimilator  
  78  5:56  Pylon  
  78  5:58  Pylon  
Show
View Real Time Build Order
Export as new Build Order

A.I. 1 (Very Easy) Terran 

Build Orders:  

Get SALT Encoding   

  12  0:00  SCV  
  13  0:13  SCV  
  14  0:18  Supply Depot  
  14  0:37  Refinery  
  14  0:40  Barracks  
  14  1:03  Supply Depot  
  14  1:11  Refinery  
  14  1:27  Marine  
  14  1:29  SCV  
  16  1:41  SCV  
  17  1:53  SCV  
  18  2:01  Marine  
  19  2:05  SCV  
  20  2:17  SCV  
  22  2:30  SCV  
  22  2:34  Marine  
  23  2:42  Orbital Command  
  23  5:18  SCV  
  23  5:26  Marine  
  24  5:29  Supply Depot  
  24  5:34  SCV  
  13  5:47  SCV  
Tags
 
Composition
Blink Stalkers
League
Master
Matchup
PvT
Spawn Locations
Cross Positions
Add a new tag
Caveats
  • Supply blocks, unpowered buildings, or Contaminate may cause inaccurate times.
  • Supply counts are checked every 10 seconds.